Cogmind - Beta 16 @@@ ROGUE MODE // 2026.01.10 @ 22:01:12 Player: human Result: Destroyed by 8E-6QW(R) with Subdweller Laser Performance ------------- Evolutions (0) 0 Regions Visited (2) 400 Robots Destroyed (21) 105 Value Destroyed (513) 513 Prototype IDs (0) 0 Alien Tech Used (0) 0 Bonus (0) 0 TOTAL SCORE: 1018 Bonus ------- None Cogmind --------- Core Integrity 0/250 Matter 275/300 Energy 100/100 System Corruption 0% Temperature Cool (6) Movement Rolling (90) Location -10/Subcaves Parts ------- > --- POWER (1) -------- (None) > --- PROPULSION (2) --- Wheel Compact Wheel > --- UTILITY (2) ------ (None) > --- WEAPON (2) ------- (None) > --- INVENTORY (5) ---- Hacking Suite Peak State ------------ > --- POWER ------------ Light Ion Engine > --- PROPULSION ------- Light Treads Light Treads > --- UTILITY ---------- Improved Heat Sink Small Storage Unit > --- WEAPON ----------- Small Laser Assault Rifle > --- INVENTORY -------- Ion Engine Light Treads Wheel Compact Wheel High-capacity Matter Pod High-capacity Matter Pod Hacking Suite Light Assault Rifle [Rating: 10] Favorites ----------- Power Ion Engine Engine Ion Engine Propulsion Light Treads Treads Light Treads Wheel Wheel Utility Improved Heat Sink Device Improved Heat Sink Storage Large Storage Unit Protection Scrap Shield Weapon Assault Rifle Energy Gun Small Laser Energy Cannon Beam Cannon Ballistic Gun Assault Rifle Build | -11 -10 -10 ------- Run | Yrd Mat Sub Slots Evolved . | . . . Power . | . . . Propulsion . | . . . Utility . | . . . Weapon . | . . . Parts Attached 16 | 6 6 4 Power 2 | 1 1 . Engine 2 | 1 1 . Core . | . . . Reactor . | . . . Propulsion 6 | 2 2 2 Treads 4 | 2 2 . Leg . | . . . Wheel 2 | . . 2 Hover . | . . . Flight . | . . . Utility 5 | 1 2 2 Device 2 | . 1 1 Storage 2 | 1 1 . Processor . | . . . Hackware . | . . . Protection 1 | . . 1 Artifact . | . . . Weapon 3 | 2 1 . Energy Gun 1 | 1 . . Energy Cannon 1 | . 1 . Ballistic Gun 1 | 1 . . Ballistic Cannon . | . . . Launcher . | . . . Special Weapon . | . . . Impact Weapon . | . . . Slashing Weapon . | . . . Piercing Weapon . | . . . Special Melee Weapon . | . . . Unidentified Prototypes . | . . . Parts Lost 4 | . 1 3 Power 1 | . 1 . Propulsion . | . . . Utility 1 | . . 1 Weapon 2 | . . 2 Highest Loss Streak 2 | . 1 2 To Critical Strikes . | . . . Average Backups 6 | 2 6 7 Power . | . . . Propulsion 2 | . 2 2 Utility 2 | . 2 3 Weapon . | . 1 . Tool/Special . | . . . Unused Backups 7 | . . 7 Power . | . . . Propulsion 3 | . . 3 Utility 3 | . . 3 Weapon 1 | . . 1 Tool/Special . | . . . Average Slot Usage (%) 96 | . 98 73 Engine 13 | . 13 9 Treads 27 | . 28 18 Device 12 | . 13 9 Storage 13 | . 14 9 Energy Gun 3 | . 4 . Energy Cannon 9 | . 9 9 Ballistic Gun 13 | . 14 9 Peak Build Rating 10 | 6 10 10 Average Rating 9 | 5 9 6 On Entrance 5 | . 6 10 Avg Prop Armor Cover (%) 30 | . . 30 Naked Turns 12 | . . 12 Heaviest Build 31 | 11 31 31 Greatest Support 40 | 40 40 40 Greatest Overweight (x) . | . . . Average Overweight (x) . | . . . Largest Inventory Capacity 15 | 8 15 15 Average Capacity 11 | 7 11 11 Most Carried 12 | 4 8 12 Average Carried 6 | 2 6 7 Final Capacity 15 | 8 15 5 Final Carried 8 | 4 8 1 Class Distribution -------------------- 100% | Mutant Dominant Class ---------------- Mutant | -10/Materials Mutant | -10/Subcaves Resources | -11 -10 -10 ----------- Run | Yrd Mat Sub Matter Collected 778 | 241 460 77 Remotely . | . . . Salvage Created 677 | . 677 . Parts 55 | . 55 . Haulers Intercepted 2 | . 2 . Recyclers Shooed . | . . . Parts Field Recycled . | . . . Retrieved Matter . | . . . Parts Self-Destructed 4 | . . 4 Prevented . | . . . Parts Restored . | . . . Kills | -11 -10 -10 ------- Run | Yrd Mat Sub Combat Hostiles Destroyed 16 | . 16 . Guns 8 | . 8 . Cannons 8 | . 8 . Classes Destroyed 5 | . 5 . Hauler 2 | . 2 . Operator 1 | . 1 . Watcher 2 | . 2 . Swarmer 4 | . 4 . Grunt 12 | . 12 . Best Kill Streak 3 | . 3 . Combat Bots Only 3 | . 3 . Max Kills in Single Turn 2 | . 2 . Gunslinging . | . . . Exploded . | . . . Melee . | . . . Uniques/NPCs Destroyed . | . . . Combat | -11 -10 -10 -------- Run | Yrd Mat Sub Hostile Shots Fired 123 | . 89 34 Missed 36 | . 25 11 Hits 87 | . 64 23 Projectile 87 | . 64 23 AOE 2 | . . 2 Critical Strikes 2 | . 1 1 Damage Taken 1225 | . 677 548 Core 268 | . 102 166 Absorbed by Shields . | . . . Core Remaining (%) 100 | 100 . . Volleys Fired 76 | . 71 5 Largest 2 | . 2 2 Hottest 80 | . 80 80 Shots Fired 146 | . 136 10 Gun 106 | . 101 5 Cannon 40 | . 35 5 Launcher . | . . . Special . | . . . Kinetic 70 | . 65 5 Thermal 76 | . 71 5 Explosive . | . . . Electromagnetic . | . . . Robot Hit Streak 11 | . 11 4 Robot Miss Streak 5 | . 5 1 Penetration Max . | . . . Secondary Targets . | . . . Shots Hit Robots 92 | . 84 8 Core Hits 32 | . 31 1 Critical Kills . | . . . Critical Parts Destroyed 1 | . 1 . Critical Strikes 1 | . 1 . Destroy 1 | . 1 . Melee Attacks . | . . . Impact . | . . . Slashing . | . . . Piercing . | . . . Sneak Attacks . | . . . Combat Hostiles . | . . . Follow-up Attacks . | . . . Damage Inflicted 1296 | . 1167 129 Guns 819 | . 767 52 Cannons 471 | . 400 71 Explosions . | . . . Melee . | . . . Ramming 6 | . . 6 Kinetic 483 | . 431 52 Thermal 807 | . 736 71 Explosive . | . . . Electromagnetic . | . . . Impact . | . . . Slashing . | . . . Piercing . | . . . Highest Corruption . | . . . Average Corruption . | . . . Corruption Purged . | . . . Corruption Blocked . | . . . Overload Shots . | . . . Overflow Damage . | . . . Projectiles . | . . . Explosions . | . . . Melee . | . . . Knockbacks . | . . . Impact . | . . . Kinetic . | . . . Secondary . | . . . Self-Inflicted Damage 2 | . . 2 Shots . | . . . Rammed 2 | . . 2 Targets Rammed 2 | . . 2 Kicked . | . . . Crushed . | . . . Highest Temperature 24 | . 24 . Average Temperature 14 | . 14 . Received Heat Transfer 285 | . 222 63 Siege Activations . | . . . Martial Activations . | . . . Shielding Activations . | . . . Robots Disrupted . | . . . Combat Hostiles . | . . . Robots Corrupted . | . . . Combat Hostiles . | . . . Parts Fried . | . . . Impact Corruptions . | . . . Robots Melted . | . . . Combat Hostiles . | . . . Parts Melted 4 | . 4 . Heat Transferred 1749 | . 1601 148 Parts Sabotaged . | . . . Parts Stolen . | . . . Parts Stripped . | . . . Power Chain Reactions . | . . . Alert | -11 -10 -10 ------- Run | Yrd Mat Sub Maximum Alert Level . | . . . Low Security (%) 100 | 100 100 . Level 1 . | . . . Level 2 . | . . . Level 3 . | . . . Level 4 . | . . . Level 5 . | . . . High Security . | . . . Max Security . | . . . Peak Influence 156 | . 156 . Initial . | . . . Average 74 | . 79 . Influence Increases 563 | . 563 . Destroy 0b10 Robot/C 320 | . 320 . Destroy 0b10 Robot/NC 25 | . 25 . Destroy Leader 88 | . 88 . Successful Hack 23 | . 23 . Select Force Hacks 60 | . 60 . Destroy Structure 2 | . 2 . Lose Combat Pursuer 45 | . 45 . Influence Decreases 563 | . 506 57 Entered New Map 28 | . . 28 Time Decay 525 | . 496 29 Lost Part 10 | . 10 . Squads Dispatched 6 | . 6 . Investigation 3 | . 3 . Extermination . | . . . Reinforcement 3 | . 3 . Assault . | . . . Garrison . | . . . Intercept . | . . . Searches Triggered . | . . . Construction Impeded . | . . . Haulers Reinforced . | . . . Active Scanning Responses . | . . . Cargo Convoy Interrupts . | . . . Stealth | -11 -10 -10 --------- Run | Yrd Mat Sub Distress Signals 1 | . 1 . Communications Jammed . | . . . Distress Signals . | . . . Times Spotted 37 | . 29 8 Peak Tracking Total 7 | . 6 7 Tactical Retreats 1 | . 1 . Traps | -11 -10 -10 ------- Run | Yrd Mat Sub Traps Triggered 2 | . 2 . Indirectly . | . . . Trap Hack Attempts . | . . . Triggered . | . . . Disarmed . | . . . Reprogrammed . | . . . Reused . | . . . Traps Extracted . | . . . Installed . | . . . Triggered . | . . . Machines | -11 -10 -10 ---------- Run | Yrd Mat Sub Machines Disabled . | . . . Max in Single Turn . | . . . Machines Repaired . | . . . Machines Dismantled . | . . . Machines Sabotaged . | . . . Overloaded Fab Kills . | . . . Hacking | -11 -10 -10 --------- Run | Yrd Mat Sub Machines Accessed 7 | . 7 . Terminals 5 | . 5 . Fabricators . | . . . Repair Stations . | . . . Recycling Units 2 | . 2 . Scanalyzers . | . . . Garrison Access . | . . . Total Hacks 15 | . 15 . Successful 10 | . 10 . Failed 5 | . 5 . Catastrophic . | . . . Database Lockouts . | . . . Manual 16 | . 16 . Terminals 13 | . 13 . Fabricators . | . . . Repair Stations . | . . . Recycling Units 2 | . 2 . Scanalyzers . | . . . Garrison Access . | . . . Terminal Hacks 1 | . 1 . Terminal Index 1 | . 1 . Fabricator Hacks . | . . . Repair Station Hacks . | . . . Recycling Unit Hacks . | . . . Scanalyzer . | . . . Garrison Access Hacks . | . . . Unauthorized Hacks 9 | . 9 . Terminals 7 | . 7 . Botnet 1 | . 1 . Operators 1 | . 1 . Skim 5 | . 5 . Fabricators . | . . . Repair Stations . | . . . Recycling Units 2 | . 2 . Tunnel 2 | . 2 . Scanalyzers . | . . . Garrison Access . | . . . Data Cores Recovered . | . . . Used . | . . . Hacking Detections 4 | . 4 . Full Trace Events . | . . . Feedback Events . | . . . Feedback Blocked . | . . . Robot Schematics Acquired . | . . . Robots Built . | . . . Authchips . | . . . Time . | . . . Total Robot Build Rating . | . . . Part Schematics Acquired . | . . . Parts Built . | . . . Authchips . | . . . Time . | . . . Total Part Build Rating . | . . . Part Studies Acquired . | . . . Parts Repaired . | . . . Time . | . . . Parts Recycled . | . . . Recycled Matter . | . . . Retrieved Matter . | . . . Retrieved Components . | . . . Parts Scanalyzed . | . . . Part Schematics Acquired . | . . . Parts Damaged . | . . . Bothacking | -11 -10 -10 ------------ Run | Yrd Mat Sub Used RIF Installer . | . . . Robots Hacked . | . . . Non-combat . | . . . Combat . | . . . Robot Hacks Applied . | . . . Relay Couplers Released . | . . . Fabnet Peak Effective % . | . . . Robots Rewired . | . . . Allies Hacked . | . . . Hacks Repelled . | . . . Allies | -11 -10 -10 -------- Run | Yrd Mat Sub Total Allies . | . . . Largest Group . | . . . Highest-Rated Group . | . . . Highest-Rated Ally . | . . . Total Orders . | . . . Ally Attacks . | . . . Total Damage . | . . . Kills . | . . . Allies Corrupted . | . . . Allies Melted . | . . . Intel | -11 -10 -10 ------- Run | Yrd Mat Sub Active Infowar (turns) 37 | . . 37 Seismic 37 | . . 37 Robot Analysis Total . | . . . Derelict Logs Recovered . | . . . Drone Launches . | . . . Drone Recoveries . | . . . Exploration | -11 -10 -10 ------------- Run | Yrd Mat Sub Turns Passed 1580 | 81 1369 130 Spaces Moved 828 | 47 679 102 Core 44 | 6 . 38 Treads 761 | 41 679 41 Legs . | . . . Wheels 23 | . . 23 Hover . | . . . Flight . | . . . Fastest Speed 50 | 50 160 50 Average Speed 152 | 145 160 103 Slowest Speed 160 | 160 160 160 Overloaded Moves . | . . . Propulsion Burnouts . | . . . Robots Hopped . | . . . Potential Cave-ins . | . . . Cave-ins Triggered . | . . . Exploration Rate (%) 32 | 5 87 5 Regions Visited 2 Branch Regions 1 Pre-discovered Areas 4 | . 4 . Known Exits Taken 1 | . 1 . Unknown Exits Taken 1 | 1 . . Scrap Searched . | . . . Spaces Dug . | . . . Terrain Destroyed . | . . . Melee . | . . . Projectile . | . . . AOE . | . . . Terrain Rammed . | . . . Walls Destroyed . | . . . Machines Disabled . | . . . Actions | -11 -10 -10 --------- Run | Yrd Mat Sub Total 999 | 57 826 116 Wait 62 | . 62 . Move 826 | 46 678 102 Hop . | . . . Pick Up 13 | 5 5 3 Fast Attach 7 | 5 2 . Attach 5 | 1 1 3 Detach . | . . . Swap 4 | . 3 1 Drop 4 | . 4 . Fire 76 | . 71 5 Melee . | . . . Ram 2 | . . 2 Kick . | . . . Crush . | . . . Escape Stasis . | . . . Rewire . | . . . Trap . | . . . Miscellaneous . | . . . Route ------- -11/Scrapyard -10/Materials (discovered 6 exits: *Mat x3 / [*Min x2] / *Sub) -10/Subcaves (discovered 2 exits: Mat x2) History --------- Turn | Location | Event 7 | -11/Scrapyard | Discovered new exit (range 15) 82 | -11/Scrapyard | Entered Materials 304 | -10/Materials | Build established: Mutant 685 | -10/Materials | Discovered new exit (range 12) 858 | -10/Materials | Discovered new exit (range 6) 1055 | -10/Materials | Discovered new exit (range 5) 1219 | -10/Materials | Discovered new exit (range 7) 1299 | -10/Materials | Identified exit to Materials 1345 | -10/Materials | Learned Storage trap positions 1379 | -10/Materials | Learned location of Subcaves (-10) 1402 | -10/Materials | Learned 4 Subcaves zone layouts 1413 | -10/Materials | Identified exit to Subcaves 1415 | -10/Materials | Learned location of Mines (-10) 1425 | -10/Materials | Learned location of 1 exit from Storage 1442 | -10/Materials | Learned Storage trap positions 1451 | -10/Materials | Entered Subcaves 1452 | -10/Subcaves | Approached by a straggling Scientist 1452 | -10/Subcaves | Identified exit to Materials 1526 | -10/Subcaves | Ambushed by swarm of Subdwellers 1537 | -10/Subcaves | Released all parts (5) 1539 | -10/Subcaves | Core integrity fell below 50% 1541 | -10/Subcaves | Core integrity fell below 20% 1554 | -10/Subcaves | A swath of the cavern ceiling suddenly collapsed 1567 | -10/Subcaves | Lost 4 allies 1581 | -10/Subcaves | Destroyed by 8E-6QW(R) with Subdweller Laser Last Messages --------------- 01534_ W4-M1V(R) suffers critical hit (Burn). 01535_ HV Slug penetrates Wall. 01535_ HV Slug penetrates TP-TBY(R). 01536_ IX-B6B(g) destroyed. 01536_ PN-FF7(g) destroyed. 01536_ HR-MQP(h) destroyed. 01536_ ST-EXG(g) destroyed. 01537_ Released Ion Engine. 01537_ Released Lgt. Treads. 01537_ Released Lrg. Storage Unit. 01537_ Released Seismic Detector. [Achievement: Live, Flee, And Rebuild] 01539_ 5D-MDL(R) suffers critical hit (Destroy). 01539_ 5D-MDL(R) destroyed. A swath of the cavern ceiling suddenly collapses. 01573_ Critical hit (Destroy). 01579_ Slammed into 35-YZT(R). 01580_ Scrap Shield destroyed. 01580_ Slammed into 35-YZT(R). Map ----- +----------------------------------------------------+ | ?????????????????????????????????????????????????? | | ?????????????????????????????????????????????????? | | ?????????????????????????????????????????????????? | | ?????????????????????????????????????????????????? | | ?????????????????????????????????????????????????? | | ?????????????????????????????????????????????????? | | ?????????????????????????????????????????????????? | | ?????????????????????????????????????????????????? | | ?????????????????????????????????????????????????? | | ?????????????????????????????????????????????????? | | ?????????????????????????????????????????????????? | | ?????????????????????????????????????????????????? | | ?????????????????????????????????????????????????? | | ?????????????????????????????????????????????????? | | ?????????????????????????????????????????????????? | | ?????????????????????????????????????????????????? | | ?????????????????????????????????????????????????? | | ?????????????????????????????????????????###?????? | | ????????????????????????????????????????? ##????? | | ????????????????????????????????????????? #????? | | ??????????????????????####??????????##### #????# | | ???????????????########"###?????????# ##?##" | | ??????????????##"#;##;;;""#????????## ###"# | | ??????????????##"" ;; ############ ###" % | | ?????????# #######;;;R# ## # ### "% | | ?????" #?## R@R ## ###" & | | ?????" #### ### #??#;;RR * ## %=!! | | ??????????????## #??# ### # ; ## === | | ???????????????## #??# ##?## ## ## #" ==*# | | ????????????????# #??###???# ##### "=%!!!!# | | ????????????????# #????????## ##??## [%=[! | | ????????????????####?????????### ##???# * " | | ???????????????????????????????###????### | | ????????????????????????????????????????#" | | ????????????????????????????????????????### ### | | ??????????????????????????????????????????# ##?? | | ??????????????????????????????????????????# ##??? | | ??????????????????????????????????????????# #???? | | ??????????????????????????????????????????# #???? | | ??????????????????????????????????????????# ???? | | ??????????????????????????????????????????## ???? | | ???????????????????????????????????????????# ??? | | ??????????????????????????????????????????? ??? | | ???????????????????????????????????????????? ??? | | ???????????????????????????????????????????? ??? | | ???????????????????????????????????????????? ??? | | ???????????????????????????????????????????? ???? | | ?????????????????????????????????????????????????? | | ?????????????????????????????????????????????????? | | ?????????????????????????????????????????????????? | +----------------------------------------------------+ Best States ------------- Heat Dissipation 39 Energy Generation 10 Energy Capacity 250 Matter Stores 300 Matter Capacity 300 Sight Range 16 Terrain Scan Density 10 Armor Coverage 800 Evasion (%) 50 Recoil Reduction 2 Item Schematics ----------------- None Robot Schematics ------------------ None Fabricated ------------ Nothing Repaired ---------- Nothing Studied --------- None Alien Tech Used ----------------- None Achievements -------------- Live, Flee, And Rebuild Challenges ------------ None Game ------ Seed CoreBackupFlightbrick Manual? 0 Play Time 00:17:34 Cumulative 347.9 hours Start 2026.01.05 @ 17:28:04 End 2026.01.10 @ 22:01:12 Sessions 2 Manual Loads 0 Difficulty Rogue Special Mode None Game No. 266 Rogue 266 Adventurer 0 Explorer 0 Win Type - Total 4 Types 3/0/1/0/0/0/0/0/0/0 Lore% 81 Gallery% 69 Achievement% 45 Wizard Run 0 Options --------- Layout 1 ASCII 0 Keyboard 0 Movement Mouse Keybinds 0 Fullscreen 1 Font 24/Smallcaps Map View 50x35 Zoom Use 0% Tactical HUD 1 Map Filters NONE Filters NONE Steam 1 RUN: 81bd4408-2a9d-4f6e-81c5-7d48367b8ce8